 Dungeon Crawl Stone Soup version 0.31.0-32-g396128a36d (webtiles) character file.

Game seed: 1687908130325090941

133 PaiMei the Grave Robber (level 4, -4/33 HPs)
             Began as a Demonspawn Necromancer on Mar 12, 2024.
             Slain by Eustachio
             ... wielding a +0 rapier
              (6 damage)
             ... on level 3 of the Dungeon.
             The game lasted 00:03:58 (3404 turns).

PaiMei the Grave Robber (Demonspawn Necromancer)    Turns: 3404, Time: 00:03:58

Health: -4/33      AC:  6    Str:  8    XL:     4   Next: 94%
Magic:  14/17      EV: 12    Int: 18    God:
Gold:   163        SH:  0    Dex: 13    Spells: 7/8 levels left

rFire   . . .        q - +2 short sword (drain)
rCold   . . .        (no shield)
rNeg    . . .        h - +3 leather armour
rPois   .            (no helmet)
rElec   .            (no cloak)
rCorr   .            (no gloves)
SInv    .            (no boots)
Will    .....        (no amulet)
Stlth   ++           k - ring of magical power
HPRegen 0.25/turn    (no ring)
MPRegen 0.15/turn

%: no passive effects
@: no status effects
A: powered by pain 1
a: no special abilities


You were on level 3 of the Dungeon.
You visited 1 branch of the dungeon, and saw 4 of its levels.

You collected 163 gold pieces.

Inventory:

Hand Weapons
 d - a +0 hand axe
 q - a +2 short sword of draining (weapon)
Armour
 h - a +3 leather armour (worn)
Jewellery
 k - a ring of magical power (left hand)
Scrolls
 a - a scroll of torment {unknown}
 c - 4 scrolls of teleportation {unknown}
 f - a scroll of enchant armour {unknown}
 i - a scroll of revelation {unknown}
 j - a scroll of noise {unknown}
 n - a scroll of poison {unknown}
 o - a scroll of identify {unknown}
 p - a scroll of amnesia {unknown}
Potions
 b - a potion of magic
 e - a potion of enlightenment {unknown}
 g - 3 potions of heal wounds {unknown}
 l - a potion of attraction {unknown}
 m - a potion of lignification {unknown}


   Skills:
 + Level 1.9 Fighting
 + Level 2.8 Dodging
 - Level 2.0 Stealth
 + Level 2.8 Spellcasting
 + Level 5.1 Necromancy


You had 7 spell levels left.
You knew the following spells:

 Your Spells              Type           Power      Damage    Failure   Level
a - Necrotise             Necr           84%        1d8       3%          1

Your spell library contained the following spells:

 Spells                   Type           Power      Damage    Failure   Level
 Vampiric Draining        Necr           21%        2d7       9%          3
 Animate Dead             Necr           21%        N/A       28%         4
 Ensorcelled Hibernation  Hex/Ice        4%         N/A       36%         2
 Passwall                 Erth           2%         N/A       58%         3
 Swiftness                Air            2%         N/A       58%         3
 Tukima's Dance           Hex            2%         N/A       58%         3
 Curse of Agony           Necr           21%        N/A       63%         5
 Passage of Golubria      Tloc           2%         N/A       94%         4
 Yara's Violent Unravell  Hex/Alch       1%         3d3       100%        5


Dungeon Overview and Level Annotations

Branches:
Dungeon (4/15)
 Temple: D:4-7

Altars:
Ashenzari
Cheibriados
Fedhas

Shops:
D:3 (

Annotations:
D:3 Eustachio


Innate Abilities, Weirdness & Mutations

You sometimes gain a little power by taking damage.


Message History

The quasit bites you but does no damage.
The quasit claws you. x2; Eustachio hits you with a +0 rapier!
* * * LOW HITPOINT WARNING * * *
The river rat barely misses you. The ufetubus hits you.
* * * LOW HITPOINT WARNING * * *
The ufetubus hits you.
* * * LOW HITPOINT WARNING * * *
The bat barely misses you. The quasit bites you.
* * * LOW HITPOINT WARNING * * *
The quasit claws you but does no damage.
The quasit barely misses you. The bat hits you.
* * * LOW HITPOINT WARNING * * *
The bat closely misses you. The ufetubus barely misses you.
The ufetubus completely misses you. Eustachio closely misses you.
The river rat barely misses you. The quasit closely misses you.
The quasit claws you but does no damage.
The quasit misses you. The rat barely misses you.
You climb upwards.
The bat disappears in a puff of smoke!
The rat disappears in a puff of smoke!
The river rat disappears in a puff of smoke!
The crimson imp disappears in a puff of smoke!
The ufetubus disappears in a puff of smoke!
The quasit disappears in a puff of smoke!
There is a stone staircase leading down here.
Eustachio is nearby!
Casting: Necrotise (safe; 3% risk of failure)
Confirm with . or Enter, or press ? or * to list all spells.
You don't know that spell.
Casting: Necrotise (safe; 3% risk of failure)
Confirm with . or Enter, or press ? or * to list all spells.
Aiming: Necrotise (safe; 3% risk of failure)
Press: ? - help, Shift-Dir - straight line, f - Eustachio
Aim: Eustachio, wielding a +0 rapier and wearing a +0 leather armour (moderately wounded, chance to affect: 80%) Eustachio barely resists.
Eustachio barely misses you.
You miss Eustachio.
Eustachio is moderately wounded.
Eustachio hits you with a +0 rapier.
You die...
Eustachio says, "Such is the fate of all honourless rascals."

#.#.# #.# ....#
#.######## #.###
#........# #'##
#..#####.# ...##
#......#.# ....##
##.###.#.# .....##
##.###.#.#
......####...##.#.#
...)..'.........@.#
......###..[..###@#
.....## #.#.#.# #.#
....## #)###.###.#
...## #.........#
#'## #####.#####
#.#### #.# .....#
#.# ####.# #.#


You could see Eustachio.

Vanquished Creatures
  A bombardier beetle (D:4)
  3 adders
  3 dart slugs
  3 orcs (D:3)
  8 bats
  An endoplasm (D:2)
  5 goblins
  10 hobgoblins
  3 jackals (D:2)
  4 kobolds
  2 quokkas (D:1)
  5 ball pythons
  3 frilled lizards
  8 rats
59 creatures vanquished.

Vanquished Creatures (collateral kills)
  A hobgoblin (D:1)
  A kobold (D:1)
  2 rats (D:1)
4 creatures vanquished.

Grand Total: 63 creatures vanquished

Notes
Turn   | Place    | Note
-------+----------+-------------------------------------------
     0 | D:1      | PaiMei the Demonspawn Necromancer began the quest for the
                  | Orb.
     0 | D:1      | Reached XP level 1. HP: 13/13 MP: 3/3
   224 | D:1      | Gained mutation: You sometimes gain a little power by
                  | taking damage. [demonic ancestry]
   224 | D:1      | Reached XP level 2. HP: 16/19 MP: 0/5
   734 | D:1      | Reached XP level 3. HP: 20/25 MP: 1/6
   837 | D:1      | Found a faded altar of an unknown god.
  1212 | D:2      | Reached skill level 1 in Fighting
  1642 | D:2      | Reached XP level 4. HP: 32/32 MP: 5/7
  2259 | D:3      | Found Edwonnu's Weapon Boutique.
  2292 | D:3      | Found a blossoming altar of Fedhas.
  2495 | D:3      | Found a broken altar of Ashenzari.
  2524 | D:3      | Found a snail-covered altar of Cheibriados.
  2815 | D:3      | Reached skill level 5 in Necromancy
  2871 | D:3      | Identified the -2 buckler "Voixu" {rPois rCorr Int-5
                  | Stlth+}
  3349 | D:4      | Noticed Eustachio
  3401 | D:4      | HP: 1/33 [bat[Eustachio] (1)]
  3404 | D:3      | Slain by Eustachio

Illustrated notes

Levels and vault maps discovered:
D:1:      nzn_arrival_settlement, layout_basic,
          hellmonk_ecumenical_altar_leap_of_faith
D:2:      layout_loops_ring, minmay_hedge_maze
D:3:      layout_loops_corners, fedhas_altar_3, general_overflow_altar,
          mainiacjoe_overflow_two_lobes, serial_shops,
          nicolae_shop_back_alley_shop
D:4:      layout_gridville, mainiacjoe_overflow_tiny_flanked,
          portal_sewer_entry_d, uniq_eustachio, uniq_duvessa, uniq_pikel

Skill      XL: |  1  2  3  4 |
---------------+-------------+-----
Stealth        | 2 |  2.0
Dodging        | 2 |  2.8
Fighting       | 1 |  1.9
Necromancy     | 5 |  5.1
Spellcasting   | |  2.8

Action                     |  1- 3 |  4- 6 || total
---------------------------+-------+-------++-------
  Melee: Hand axe          |    27 |     1 ||    28
         Short sword       |       |    10 ||    10
   Cast: Necrotise         |    65 |    36 ||   101
   Stab: Sleeping          |     1 |       ||     1
 Armour: Robe              |    26 |       ||    26
         Leather armour    |     6 |    60 ||    66
  Dodge: Dodged            |    38 |    91 ||   129
